 Dungeon Crawl Stone Soup version 0.26-a0-712-ga5a9c9c9d0 (webtiles) character file.

Game seed: 2416348236081585794

6248 FrothyCoffee the Tainter (level 10, -3/94 (96) HPs)
             Began as a Naga Venom Mage on Nov 10, 2020.
             Was an Elder of Elyvilon.
             Slain by a wolf (9 damage)
             ... on level 8 of the Dungeon.
             The game lasted 00:48:54 (11681 turns).

FrothyCoffee the Tainter (Naga Venom Mage)         Turns: 11681, Time: 00:48:55

HP:   -3/94 (96)    AC:  6    Str: 12    XL:     10   Next: 93%
MP:   0/21          EV: 10    Int: 20    God:    Elyvilon [****..]
Gold: 481           SH:  0    Dex: 11    Spells: 10/23 levels left

rFire    . . .     SeeInvis +   a - +6 morningstar "Koyl" {flame, rC+ Str+2}
rCold    + . .     Faith    .   (no shield)
rNeg     . . .     Spirit   .   B - +0 robe
rPois    +         Reflect  .   k - +0 helmet
rElec    .         Harm     .   A - +0 cloak
rCorr    +         Rampage  .   (no gloves)
MR       +....                  (no barding)
Stlth    ++........             (no amulet)
HPRegen  0.25/turn              n - ring of resist corrosion
MPRegen  0.17/turn              (no ring)

@: very slow
A: large, see invisible, deformed body, poison resistance, slowness 2, spit
poison 1, AC +3
a: Spit Poison, Lesser Healing, Heal Other, Purification, Greater Healing,
Divine Protection, Renounce Religion


You were on level 8 of the Dungeon.
You worshipped Elyvilon.
Elyvilon was greatly pleased with you.
You visited 2 branches of the dungeon, and saw 10 of its levels.

You collected 481 gold pieces.

Inventory:

Hand Weapons
 a - the +6 morningstar "Koyl" (weapon) {flame, rC+ Str+2}
   (You found it on level 6 of the Dungeon)

   It has been specially enchanted to burn those struck by it, causing extra
   injury to most foes and up to half again as much damage against particularly
   susceptible opponents.
   It affects your strength (+2).
   It protects you from cold.
 b - a +1 hunting sling of freezing
 j - a +1 dagger
 o - a +0 shortbow
 y - a +2 dagger of flaming
 C - a cursed +1 long sword of pain
 D - a +2 dagger of venom
 J - a +1 long sword of freezing
Missiles
 f - 23 sling bullets
 h - 6 javelins (quivered)
 z - a throwing net
Armour
 g - a +0 kite shield
 k - a +0 helmet (worn)
 w - a +0 troll leather armour
 A - a +0 cloak (worn)
 B - a +0 robe (worn)
 I - a +0 ring mail of poison resistance
Magical Staves
 F - an uncursed staff of air
Jewellery
 n - a ring of resist corrosion (left hand)
 x - an uncursed amulet of guardian spirit
Wands
 s - a wand of paralysis (8)
 E - a wand of iceblast (13)
 G - a wand of flame (25)
Scrolls
 e - 4 scrolls of teleportation
 i - 4 scrolls of remove curse
 q - a scroll of fear
 u - a scroll of amnesia
Potions
 c - 3 potions of heal wounds
 d - 2 potions of might
 l - a potion of ambrosia
 m - a potion of haste
 p - a potion of resistance
 r - a potion of magic
 t - a potion of flight
 v - a potion of brilliance
 H - 2 potions of berserk rage


   Skills:
 + Level 7.7 Fighting
 + Level 4.0 Maces & Flails
 - Level 1.5 Dodging
 - Level 3.0 Stealth
 + Level 7.4 Spellcasting
 - Level 1.0 Transmutations
 * Level 14.2 Poison Magic


You had 10 spell levels left.
You knew the following spells:

 Your Spells              Type           Power        Failure   Level
a - Sting                 Tmut/Pois      ####         1%          1
b - Poisonous Vapours     Pois/Air       #####.       1%          2
c - Olgreb's Toxic Radia  Pois           ######..     1%          4
d - Ignite Poison         Fire/Tmut/Pois ####....     3%          3
e - Mephitic Cloud        Conj/Pois/Air  ####....     3%          3

Your spell library contained the following spells:

 Spells                   Type           Power        Failure   Level
 Animate Skeleton         Necr           #.....       9%          1
 Apportation              Tloc           #.....       9%          1
 Corona                   Hex            #......      9%          1
 Summon Small Mammal      Summ           #...         9%          1


Dungeon Overview and Level Annotations

Branches:
Dungeon (9/15)             Temple (1/1) D:5
   Lair: D:8-11         Orc: D:9-12

Altars:
Ashenzari
Cheibriados
Dithmenos
Elyvilon
Fedhas
Gozag
Hepliaklqana
Kikubaaqudgha
Makhleb
Nemelex Xobeh
Okawaru
Qazlal
Ru
Sif Muna
Trog
Uskayaw
Vehumet
Wu Jian
Xom
Yredelemnul
Zin
The Shining One

Shops:
D:4 !


Innate Abilities, Weirdness & Mutations

You cannot wear boots.
Your serpentine skin is tough. (AC +3)
You have supernaturally acute eyesight. (SInv)
Armour fits poorly on your strangely shaped body.
Your system is resistant to poisons. (rPois)
You cover ground very slowly.
You can spit poison.


Message History

Aiming: Sting (safe; 1% risk of failure)
Press: ? - help, Shift-Dir - straight line, f/p - wolf
Aim: a wolf (heavily wounded, very poisoned)
The sting hits the wolf.
The wolf looks even sicker.
The wolf is severely wounded.
The wolf bites you.
* * * LOW HITPOINT WARNING * * *
The wolf bites you.
* * * LOW HITPOINT WARNING * * *
Casting: Sting (safe; 1% risk of failure)
Confirm with . or Enter, or press ? or * to list all spells.
Aiming: Sting (safe; 1% risk of failure)
Press: ? - help, Shift-Dir - straight line, f/p - wolf
Aim: a wolf (severely wounded, very poisoned)
The sting hits the wolf.
The wolf looks as sick as possible!
The wolf is severely wounded.
The wolf bites you.
* * * LOW HITPOINT WARNING * * *
The wolf bites you!
You die...

..'....#................#.....#..
..#....'................#.....#..
..######................#####.###
###.........###########.....#.###
#.........#.........#.....#....
#.........#.........'.....#....
#.........#.........#.....#....
#.........#...h.....#.....#....
###.........#...@.....#.....#....
............#.........#.....#....
...#........#...##.##.#.....###'#
.##.##.##'########.##.####.......
......................(..#.......
.##......................#.......
...##....................#.......
.........................'.......
...#########.......##....#.......


You could see a wolf (extremely poisoned).

Vanquished Creatures
  Joseph (D:8)
  A troll (D:9)
  Prince Ribbit (D:6)
  Sigmund (D:5)
  9 yaks
  A black bear (D:6)
  2 sky beasts
  5 ice beasts
  2 phantoms
  A necrophage (D:6)
  2 orc warriors (D:8)
  6 ogres
  2 wolves (D:8)
  A big kobold (D:7)
  3 bullfrogs
  6 scorpions
  5 howler monkeys
  4 wights (D:7)
  2 electric eels (D:8)
  2 jellies (D:7)
  A bullfrog zombie (D:8)
  3 bullfrog skeletons
  6 orc priests
  3 hounds
  5 orc wizards
  A centaur skeleton (D:7)
  2 iguanas
  4 worker ants
  A bullfrog simulacrum (D:8)
  Robin (D:3)
  A howler monkey zombie (D:7)
  12 adders
  4 gnolls (D:3)
  2 hound simulacra (D:8)
  3 shadow imps
  9 white imps
  A worker ant simulacrum (D:8)
  2 ufetubi
  An ooze (D:3)
  An adder zombie (D:6)
  4 worms
  3 leopard geckos
  26 orcs
  A bat (D:2)
  2 giant cockroaches
  12 goblins (D:3)
  7 hobgoblins
  6 jackals
  3 quokkas
  3 ball pythons
  A ball python skeleton (D:5)
  3 frilled lizards (D:1)
  16 kobolds
  A leopard gecko skeleton (D:4)
  7 rats
215 creatures vanquished.

Notes
Turn   | Place    | Note
-------+----------+-------------------------------------------
     0 | D:1      | FrothyCoffee the Naga Venom Mage began the quest for the
                  | Orb.
     0 | D:1      | Reached XP level 1. HP: 15/15 MP: 3/3
   101 | D:1      | Reached XP level 2. HP: 20/24 MP: 1/5
   105 | D:1      | Learned a level 2 spell: Poisonous Vapours
   473 | D:2      | Reached skill level 1 in Fighting
   533 | D:2      | Reached XP level 3. HP: 31/31 MP: 3/6
   749 | D:2      | Reached skill level 5 in Poison Magic
  1333 | D:3      | Reached XP level 4. HP: 33/38 MP: 2/7
  1568 | D:3      | Reached skill level 6 in Poison Magic
  1568 | D:3      | Reached XP level 5. HP: 40/45 MP: 6/9
  1606 | D:3      | Learned a level 4 spell: Olgreb's Toxic Radiance
  1745 | D:3      | Noticed Robin
  1762 | D:3      | Killed Robin
  2082 | D:3      | Reached XP level 6. HP: 46/55 MP: 8/10
  2253 | D:3      | Learned a level 3 spell: Ignite Poison
  2544 | D:3      | Reached skill level 7 in Poison Magic
  3017 | D:4      | Reached XP level 7. HP: 62/62 MP: 9/12
  3098 | D:4      | Reached skill level 8 in Poison Magic
  3224 | D:4      | Found Ranunt's Distillery.
  3369 | D:4      | Found a shimmering blue altar of Sif Muna.
  3422 | D:4      | Found an ornate altar of the Wu Jian Council.
  3637 | D:5      | Entered Level 5 of the Dungeon
  3781 | D:5      | Noticed a yak
  3781 | D:5      | Noticed a yak
  3782 | D:5      | Noticed a yak
  3782 | D:5      | Noticed a yak
  3788 | D:5      | Noticed a yak
  3788 | D:5      | Noticed a yak
  3796 | D:5      | Killed a yak
  3796 | D:5      | Reached skill level 9 in Poison Magic
  3796 | D:5      | Reached XP level 8. HP: 51/72 MP: 6/14
  3797 | D:5      | Killed a yak
  3803 | D:5      | Killed a yak
  3803 | D:5      | Reached skill level 10 in Poison Magic
  3806 | D:5      | Killed a yak
  3806 | D:5      | Reached skill level 5 in Spellcasting
  3807 | D:5      | Killed a yak
  3807 | D:5      | Reached skill level 5 in Fighting
  3809 | D:5      | Killed a yak
  4015 | D:5      | Noticed Sigmund
  4023 | D:5      | Killed Sigmund
  4023 | D:5      | Reached skill level 11 in Poison Magic
  4023 | D:5      | Reached XP level 9. HP: 56/81 MP: 8/17
  4940 | D:4      | Learned a level 3 spell: Mephitic Cloud
  5502 | D:5      | Found a staircase to the Ecumenical Temple.
  5516 | Temple   | Entered the Ecumenical Temple
  5723 | Temple   | Became a worshipper of Elyvilon the Healer
  6375 | D:6      | Found an ancient bone altar of Kikubaaqudgha.
  6394 | D:6      | Found a glowing silver altar of Zin.
  6410 | D:6      | Reached * piety under Elyvilon
  6571 | D:6      | Reached skill level 12 in Poison Magic
  6885 | D:6      | Noticed Prince Ribbit
  6899 | D:6      | Killed Prince Ribbit
  7324 | D:6      | Found a sacrificial altar of Ru.
  7347 | D:6      | Found a glowing golden altar of the Shining One.
  7347 | D:6      | Found a sacrificial altar of Ru.
  7623 | D:6      | Got a fading morningstar
  7626 | D:6      | Identified the +6 morningstar "Koyl" {flame, rC+ Str+2}
                  | (You found it on level 6 of the Dungeon)
  7687 | D:6      | Reached ** piety under Elyvilon
  8049 | D:7      | Found a basalt altar of Yredelemnul.
  8087 | D:7      | Reached skill level 1 in Maces & Flails
  8269 | D:7      | Reached XP level 10. HP: 82/90 MP: 19/19
  8518 | D:7      | Reached skill level 13 in Poison Magic
  8521 | D:7      | Reached *** piety under Elyvilon
  9336 | D:8      | Noticed Joseph
 10164 | D:8      | Killed Joseph
 11269 | D:8      | Reached **** piety under Elyvilon
 11278 | D:8      | Reached skill level 14 in Poison Magic
 11681 | D:8      | Slain by a wolf

Illustrated notes

Levels and vault maps discovered:
D:1:      scummos_arrival_simple_fountains, layout_rooms
D:2:      layout_loops_cross
D:3:      layout_loops_ring, uniq_robin
D:4:      cheibrodos_old_hovel, layout_cave_pools, minitemple, serial_shops,
          nicolae_shop_temple_entry_statues_fountains
D:5:      layout_rooms, temple_pool_b, uniq_sigmund
D:6:      layout_gridville, zin_scriptorium, nicolae_overflow_hidden_temple,
          nicolae_ru_the_path_less_chosen, uniq_prince_ribbit1
D:7:      layout_gridville, overflow_temple_1_default
D:8:      layout_gridville, serial_ice, serial_ice_g, serial_ice_i,
          serial_ice_o, serial_ice_f, uniq_joseph
D:9:      layout_cave_pools, erik_lair_island, minmay_crystal_room
Temple:   regret_index_temple_generic_petals

Skill      XL: |  1  2  3  4  5  6  7  8  9 10 |
---------------+-------------------------------+-----
Fighting       | 1 2 3 4 5 6 7 |  7.7
Poison Magic   | 5 6 7 9 11 12 14 | 14.2
Spellcasting   | 3 4 5 6 7 |  7.4
Maces & Flails | 1 4 |  4.0
Dodging        | |  1.5
Stealth        | |  3.0
Transmutations | |  1.0

Action                   |  1- 3 |  4- 6 |  7- 9 | 10-12 || total
-------------------------+-------+-------+-------+-------++-------
Melee: Unarmed           |    12 |     1 |       |       ||    13
       Dagger            |       |    19 |   129 |       ||   148
       Morningstar       |       |       |    30 |    70 ||   100
       Hand axe          |       |       |    12 |       ||    12
       Staff             |       |       |       |     6 ||     6
Throw: Boomerang         |       |       |    25 |       ||    25
       Javelin           |       |       |     3 |     5 ||     8
 Cast: Sting             |    34 |    50 |    79 |    59 ||   222
       Poisonous Vapours |     1 |     7 |    11 |    15 ||    34
       Olgreb's Toxic Ra |       |     4 |     8 |    15 ||    27
       Ignite Poison     |       |       |     8 |    15 ||    23
 Abil: Spit Poison       |    23 |    31 |    44 |     8 ||   106
  Use: Scroll            |       |       |    17 |     4 ||    21
       Potion            |       |       |     1 |       ||     1
Armor: Robe              |     1 |     7 |    59 |    44 ||   111
Dodge: Dodged            |     7 |    26 |   100 |    73 ||   206

Table legend: (Time is in decaauts)
 A = Elapsed time spent in this place.
 B = Non-inter-level travel time spent in this place.
 C = Inter-level travel time spent in this place.
 D = Time resting spent in this place.
 E = Time spent auto-exploring this place.
 F = Levels seen in this place.
 G = Mean time per level.
                   A        B        C        D        E       F      G
               +--------+--------+--------+--------+--------+-----+--------+
         Total |  13644 |  13137 |    507 |   5059 |   5431 |  10 | 1364.4 |
       Dungeon |  13322 |  12850 |    472 |   5059 |   5164 |   9 | 1480.2 |
        Temple |    322 |    288 |     34 |      0 |    267 |   1 |  322.0 |
               +--------+--------+--------+--------+--------+-----+--------+

Top non-repeatable levels by time:
     D:7: 2370 daAuts
     D:6: 2354 daAuts
     D:8: 1878 daAuts
     D:4: 1706 daAuts
     D:3: 1601 daAuts
     D:5: 1560 daAuts
     D:2: 1245 daAuts
     D:1: 589 daAuts
  Temple: 322 daAuts
     D:9: 17 daAuts
